 Dungeon Crawl Stone Soup version 0.26.1-10-gdfb7c7de75 (webtiles) character file.

Game seed: 10887130113086559886

131506 DearestLeader the Gelid (level 17, -1/128 HPs)
             Began as a Merfolk Ice Elementalist on Apr 9, 2021.
             Was the Champion of Vehumet.
             Succumbed to Arachne's poison arrow
             ... on level 2 of the Spider Nest.
             The game lasted 01:16:16 (33979 turns).

DearestLeader the Gelid (Merfolk Ice Elementalist) Turns: 33979, Time: 01:16:17

Health: -1/128     AC: 24    Str:  8    XL:     17   Next: 10%
Magic:  14/40      EV: 25    Int: 22    God:    Vehumet [******]
Gold:   2906       SH:  0    Dex: 17    Spells: 16/36 levels left

rFire    + . .     SeeInvis +   J - +4 halberd
rCold    + . .     Faith    .   (shield currently unavailable)
rNeg     . . .     Spirit   .   f - +2 robe {rC+ rF+}
rPois    .         Reflect  .   U - +0 mask of the Dragon {Will+ Slay+3 SInv}
rElec    .         Harm     .   e - +2 cloak
rCorr    .         Rampage  .   r - +2 pair of gloves {Dex+3}
Will     +++..                  R - +2 pair of boots {Stlth+}
Stlth    +++.......             d - amulet of magic regeneration
HPRegen  0.31/turn              q - ring of willpower
MPRegen  0.52/turn              X - ring of magical power

@: lethally poisoned (-1 -> -22), icy armour, no potions
A: change form in water, swift swim, stealthy swim
a: Renounce Religion


You were on level 2 of the Spider Nest.
You worshipped Vehumet.
Vehumet was exalted by your worship.
You visited 5 branches of the dungeon, and saw 26 of its levels.
You also visited: Bailey.

You collected 4415 gold pieces.
You spent 1509 gold pieces at shops.

Inventory:

Hand Weapons
 I - a +4 vorpal scythe
 J - a +4 halberd (weapon)
 M - a +1 vorpal trident
Missiles
 c - 44 poisoned darts
 P - 8 atropa-tipped darts (quivered)
Armour
 e - a +2 cloak (worn)
 f - a +2 robe of resistance (worn)
 o - a +2 robe of the Archmagi
 r - a +2 pair of gloves of dexterity (worn)
 N - a +2 robe of positive energy
 R - a +2 pair of boots of stealth (worn)
 U - the +0 mask of the Dragon (worn) {Will+ Slay+3 SInv}
   (You acquired it on level 1 of the Lair of Beasts)

   It affects your accuracy and damage with ranged weapons and melee attacks
   (+3).
   It affects your willpower, your defense against some magical effects.
   It lets you see invisible.
Jewellery
 a - an uncursed ring of protection from cold
 d - an amulet of magic regeneration (around neck)
 m - an uncursed ring of protection from fire
 p - an uncursed ring of resist corrosion
 q - a ring of willpower (left hand)
 T - a +6 ring of intelligence
 X - a ring of magical power (right hand)
Wands
 h - a wand of random effects (30)
 w - a wand of enslavement (14)
 C - a wand of paralysis (18)
 O - a wand of digging (13)
 S - a wand of acid (24)
 W - a wand of iceblast (2)
Scrolls
 j - 2 scrolls of summoning
 l - 7 scrolls of remove curse
 s - 2 scrolls of enchant armour
 v - 5 scrolls of amnesia
 x - 13 scrolls of teleportation
 z - 3 scrolls of magic mapping
 B - a scroll of fog
 D - 3 scrolls of blinking
 E - 3 scrolls of immolation {unknown}
 H - 2 scrolls of silence {unknown}
 L - 3 scrolls of enchant weapon {unknown}
Potions
 b - 2 potions of resistance {unknown}
 g - 3 potions of invisibility
 i - 12 potions of curing
 k - 2 potions of cancellation
 t - a potion of might
 y - 3 potions of magic {unknown}
 A - 3 potions of brilliance
 F - 5 potions of heal wounds
 G - 3 potions of mutation
 K - 2 potions of flight
 Q - a potion of ambrosia {unknown}
 V - 3 potions of haste
 Y - a potion of berserk rage
Miscellaneous
 n - a lightning rod (4/4)


   Skills:
 + Level 10.2 Fighting
 - Level 17.0 Polearms
 + Level 16.2 Dodging
 - Level 2.1 Stealth
 - Level 10.0 Spellcasting
 - Level 4.0 Summonings
 * Level 20.0 Ice Magic
 - Level 4.0 Poison Magic


You had 16 spell levels left.
You knew the following spells:

 Your Spells              Type           Power        Failure   Level
a - Freeze                Ice            100%         0%          1
b - Frozen Ramparts       Ice            100%         0%          3
c - Ozocubu's Armour      Ice            78%          0%          3
d - Summon Ice Beast      Ice/Summ       59%          1%          4
e - Mephitic Cloud        Conj/Pois/Air  16%          3%          3
f - Ozocubu's Refrigerat  Ice            39%          1%          6

Your spell library contained the following spells:

 Spells                   Type           Power        Failure   Level
 Bolt of Magma            Conj/Fire/Erth 5%           38%         5
 Magic Dart               Conj           44%          1%          1
 Sandblast                Erth           22%          1%          1
 Summon Small Mammal      Summ           100%         1%          1
 Call Imp                 Summ           28%          1%          2
 Hailstorm                Conj/Ice       53%          1%          4
 Ice Form                 Ice/Tmut       53%          1%          4
 Sting                    Tmut/Pois      76%          2%          1
 Searing Ray              Conj           22%          2%          2
 Metabolic Englaciation   Hex/Ice        26%          2%          5
 Call Canine Familiar     Summ           28%          3%          3
 Ignite Poison            Fire/Tmut/Pois 16%          3%          3
 Olgreb's Toxic Radiance  Pois           28%          3%          4
 Poisonous Vapours        Pois/Air       38%          4%          2
 Conjure Flame            Conj/Fire      11%          5%          3
 Dazzling Flash           Conj/Hex       22%          5%          3
 Inner Flame              Hex/Fire       11%          5%          3
 Stone Arrow              Conj/Erth      22%          5%          3
 Animate Skeleton         Necr           22%          6%          1
 Beastly Appendage        Tmut           22%          6%          1
 Spider Form              Tmut/Pois      9%           8%          3
 Summon Guardian Golem    Hex/Summ       19%          8%          3
 Passwall                 Tmut/Erth      9%           9%          2
 Sublimation of Blood     Necr           5%           9%          2
 Wereblood                Tmut           11%          9%          2
 Fulminant Prism          Conj/Hex       5%           16%         4
 Iskenderun's Mystic Bla  Conj/Tloc      11%          16%         4
 Freezing Cloud           Conj/Ice/Air   20%          16%         6
 Simulacrum               Ice/Necr       26%          16%         6
 Confusing Touch          Hex            11%          19%         3
 Gell's Gravitas          Tloc           5%           19%         3
 Summon Lightning Spire   Summ/Air       19%          26%         4
 Summon Demon             Summ           14%          32%         5
 Irradiate                Conj/Tmut      5%           38%         5
 Lee's Rapid Deconstruct  Erth           5%           38%         5
 Yara's Violent Unravell  Hex/Tmut       5%           38%         5
 Animate Dead             Necr           5%           52%         4
 Petrify                  Tmut/Erth      11%          52%         4
 Alistair's Intoxication  Tmut/Pois      12%          58%         5
 Summon Forest            Summ/Tloc      9%           58%         5
 Summon Mana Viper        Hex/Summ       19%          58%         5
 Eringya's Noxious Bog    Tmut/Pois      9%           67%         6
 Agony                    Necr           11%          86%         5
 Blade Hands              Tmut           5%           86%         5
 Borgnjor's Vile Clutch   Necr/Erth      5%           86%         5
 Silence                  Hex/Air        5%           86%         5
 Shadow Creatures         Summ           N/A          87%         6
 Conjure Ball Lightning   Conj/Air       5%           89%         6
 Death Channel            Necr           5%           100%        6
 Malign Gateway           Summ/Tloc      9%           100%        7
 Summon Hydra             Summ           14%          100%        7
 Tornado                  Air            5%           100%        9


Dungeon Overview and Level Annotations

Branches:
Dungeon (15/15)            Temple (1/1) D:5            Lair (6/6) D:11
  Swamp (0/4) Lair:2       Spider (2/4) Lair:2        Slime (0/5) Lair:6
    Orc (2/2) D:9             Elf (0/3) Orc:2        Vaults (0/5) D:14
 Depths (0/5) D:15         Bailey (visited)

Altars:
Cheibriados
Elyvilon
Makhleb
Okawaru
Qazlal
Sif Muna
Trog
Uskayaw
Vehumet
Wu Jian
Yredelemnul

Shops:
D:4 *   D:10 :   D:11 (   D:12 [   Orc:1 (}!   Orc:2 [[[[

Annotations:
D:4 Refrig
D:12 2 transporters, exclusion: oklob plant, Cykl0x's ghost, journeyman MiFi
Lair:3 1 runed translucent door, doomsgape's ghost, journeyman HOFi
Spider:2 Arachne


Message History

* * * LOW HITPOINT WARNING * * *
You are more poisoned.
Arachne hits you but does no damage. Arachne envenoms you!
* * * LOW HITPOINT WARNING * * *
You are more poisoned.
Your ice beast misses Arachne.
Your ice beast hits Arachne.
Your ice beast freezes Arachne!
Arachne stares at you and mumbles some strange words.
The poison arrow hits you.
You are lethally poisoned!
* * * LOW HITPOINT WARNING * * *
Your ice beast closely misses Arachne.
Your ice beast hits Arachne but does no damage.
Unknown command.
You cannot drink potions in your current state!
Unknown command.
As you read the scroll of fear, it crumbles to dust.
You assume a fearsome visage.
Arachne looks frightened!
The emperor scorpion looks frightened!
You die...

#.. ...#...#.
...^ ...#....#.
....##..#(#....
............. #
...#........... .
........#....
#...#..Y.......
.......@H......
.†
..#.#...Y.....^
#.s ....#....†.#.
.. # s
...........#...
†..#.. .....
.s...#.... .#....
.........###....#
.?..#. .... .....
#^..H.#.....#
...#......
#....<...†^.
#.#....#....


You could see Arachne (fleeing), an emperor scorpion (fleeing) and 2 friendly
ice beasts.

Vanquished Creatures
  Jorgrun (D:14)
  Gastronok (Lair:1)
  Kirke (D:15)
  An orc warlord (Bailey)
  Nessos (D:13)
  5 dire elephants (Lair:6)
  Snorg (Lair:5)
  4 boulder beetles (D:14)
  2 hydras
  An anaconda (Lair:6)
  2 catoblepae
  4 centaur warriors
  6 death yaks
  2 tengu warriors (D:14)
  15 two-headed ogres
  2 ogre magi (D:15)
  3 orc high priests (Orc:2)
  The ghost of rossy the Nimble, a novice MfIE (D:11)
  7 skeletal warriors
  A flayed ghost (D:15)
  4 unseen horrors
  3 bog bodies (Lair:2)
  3 wizards (D:14)
  Pikel (D:8)
  6 orc knights
  A harpy (shapeshifter) (D:15)
  3 orb spiders (Spider:1)
  A necromancer (D:15)
  5 orc sorcerers
  5 ugly things
  2 manticores
  2 frost giant zombies (D:15)
  3 deep elf magi (D:14)
  4 cyclopes
  15 wolf spiders
  5 elephants
  A moth of wrath (Spider:2)
  18 cane toads
  4 black mambas
  2 torpor snails (Lair:4)
  8 gargoyles
  9 komodo dragons
  4 rime drakes
  2 tengu conjurers
  A queen bee (shapeshifter) (D:14)
  A harpy zombie (D:15)
  6 trolls
  A polar bear (Lair:4)
  4 jumping spiders (Spider:1)
  5 slime creatures (D:13)
  Grinder (D:6)
  Prince Ribbit (D:6)
  4 blink frogs (Lair:1)
  4 hornets
  3 dream sheep (Lair:4)
  2 meliai zombies
  An ice dragon zombie (D:15)
  An elf zombie (D:15)
  2 shadows (D:14)
  Sigmund (D:6)
  2 wraiths
  21 redbacks
  73 yaks
  7 basilisks
  10 tarantellas
  4 wyverns
  2 hogs (D:15)
  2 vampire mosquitoes (D:14)
  5 swamp worms
  A steam dragon (Lair:4)
  Menkaure (D:6)
  3 soldier ants
  A warg (Orc:2)
  An acid dragon (D:13)
  12 water moccasins
  25 orc warriors
  A hornet zombie (D:14)
  A necrophage (D:9)
  3 ice beasts
  A black bear (D:10)
  14 ogres
  6 sky beasts
  2 phantoms
  9 centaurs
  26 wolves
  5 boggarts (D:14)
  4 lemures (D:8)
  Blork the orc (D:6)
  21 bullfrogs
  4 big kobolds
  8 killer bees
  A water moccasin skeleton (D:6)
  3 scorpions
  4 howler monkeys
  A nameless horror (Bailey)
  13 wights
  An electric eel (Lair:2)
  6 centaur zombies
  19 orc priests
  3 bullfrog skeletons (D:5)
  6 centaur skeletons
  8 hounds
  6 jellies
  21 orc wizards
  Crazy Yiuf (D:2)
  Jessica (D:2)
  2 iguanas
  8 worker ants
  A hound skeleton (D:4)
  2 worker ant zombies
  7 gnolls
  14 adders
  3 shadow imps
  5 white imps
  5 ufetubi
  4 oozes
  2 adder zombies
  5 worms
  5 leopard geckos
  62 orcs
  8 giant cockroaches
  17 goblins
  11 hobgoblins
  9 jackals
  34 kobolds
  6 quokkas
  A ball python (D:2)
  8 bats
  9 frilled lizards
  A giant cockroach zombie (D:5)
  A jackal skeleton (D:5)
  A jackal zombie (D:8)
  A leopard gecko zombie (D:2)
  A quokka skeleton (D:5)
  9 rats
  A bush (Lair:6)
823 creatures vanquished.

Vanquished Creatures (collateral kills)
  A hydra (D:11)
  A two-headed ogre (D:11)
  Erica (D:7)
  3 skeletal warriors (D:13)
  A wolf spider (Spider:2)
  A centaur zombie (D:11)
  Joseph (D:8)
  A rime drake (Lair:2)
  A cane toad (Lair:1)
  2 komodo dragons (Lair:1)
  A demonic crawler (Spider:1)
  A troll (D:11)
  2 blink frogs (Lair:1)
  7 yaks
  A steam dragon (D:10)
  A basilisk (D:11)
  2 wargs (D:9)
  A necrophage (D:8)
  An ice beast (D:6)
  A phantom (D:7)
  A scorpion (D:8)
  A howler monkey (D:7)
  A wight (D:11)
  A bullfrog zombie (D:8)
  2 orc wizards
  An iguana (D:9)
  2 worker ants
  A hound skeleton (D:8)
  An adder (D:8)
  3 orcs (D:8)
  A goblin (Bailey)
  A hobgoblin (Bailey)
47 creatures vanquished.

Vanquished Creatures (others)
  A hydra (Lair:6)
  A yak (Lair:6)
  A human (D:15)
  5 wolves (Lair:6)
  An orc wizard (Orc:2)
  41 fungi
  83 plants
  11 withered plants (D:15)
144 creatures vanquished.

Grand Total: 1014 creatures vanquished

Notes
Turn   | Place    | Note
-------+----------+-------------------------------------------
     0 | D:1      | DearestLeader the Merfolk Ice Elementalist began the quest
                  | for the Orb.
     0 | D:1      | Reached XP level 1. HP: 13/13 MP: 3/3
   303 | D:1      | Reached XP level 2. HP: 19/19 MP: 5/5
   337 | D:1      | Reached skill level 5 in Ice Magic
   782 | D:1      | Reached XP level 3. HP: 24/24 MP: 6/6
   788 | D:1      | Learned a level 3 spell: Frozen Ramparts
  1325 | D:2      | Found a runed translucent door.
  1326 | D:2      | Noticed Crazy Yiuf
  1333 | D:2      | Killed Crazy Yiuf
  1334 | D:2      | Reached skill level 6 in Ice Magic
  1334 | D:2      | Reached XP level 4. HP: 14/30 MP: 2/7
  1587 | D:2      | Reached XP level 5. HP: 29/35 MP: 5/8
  1683 | D:2      | Reached skill level 7 in Ice Magic
  1725 | D:2      | Noticed Jessica
  1736 | D:2      | Killed Jessica
  2323 | D:2      | Noticed a big kobold
  2323 | D:2      | a worm changed into a big kobold
  2329 | D:2      | Killed a big kobold
  2330 | D:2      | Reached XP level 6. HP: 40/41 MP: 6/9
  2334 | D:2      | Learned a level 3 spell: Ozocubu's Armour
  2834 | D:3      | Reached skill level 8 in Ice Magic
  3276 | D:4      | Reached skill level 1 in Polearms
  3321 | D:4      | Reached XP level 7. HP: 30/46 MP: 5/10
  3719 | D:4      | Found Sowkadoomn's Elemental Accessories.
  4034 | D:4      | Reached skill level 5 in Polearms
  4236 | D:4      | Reached skill level 9 in Ice Magic
  4443 | D:5      | Entered Level 5 of the Dungeon
  4554 | D:5      | Reached XP level 8. HP: 46/52 MP: 9/11
  4698 | D:5      | Found a staircase to the Ecumenical Temple.
  4750 | Temple   | Entered the Ecumenical Temple
  4759 | Temple   | Became a worshipper of Vehumet
  5038 | D:5      | Reached skill level 5 in Dodging
  5302 | D:6      | Learned a level 4 spell: Summon Ice Beast
  5375 | D:6      | Noticed Blork the orc
  5385 | D:6      | Killed Blork the orc
  5764 | D:6      | Reached skill level 1 in Fighting
  5782 | D:6      | Reached skill level 10 in Polearms
  5782 | D:6      | Reached XP level 9. HP: 59/59 MP: 9/12
  5802 | D:6      | Reached * piety under Vehumet
  5802 | D:6      | Offered knowledge of Foxfire by Vehumet.
  5803 | D:6      | Noticed Menkaure
  5811 | D:6      | Killed Menkaure
  5845 | D:6      | Noticed Sigmund
  5858 | D:6      | Killed Sigmund
  6083 | D:6      | Noticed Grinder
  6101 | D:6      | Killed Grinder
  6504 | D:6      | Noticed Prince Ribbit
  6512 | D:6      | Killed Prince Ribbit
  7215 | D:7      | Found a flagged portal.
  7230 | D:7      | Reached ** piety under Vehumet
  7230 | D:7      | Offered knowledge of Shock by Vehumet.
  7254 | Bailey   | Entered a bailey
  7271 | Bailey   | Noticed an orc warlord
  7383 | Bailey   | Found a runed translucent gate.
  7399 | Bailey   | Found a runed translucent gate.
  7400 | Bailey   | Found a runed translucent gate.
  7458 | Bailey   | Offered knowledge of Stone Arrow by Vehumet.
  7706 | Bailey   | Killed an orc warlord
  7707 | Bailey   | Reached skill level 5 in Fighting
  7707 | Bailey   | Reached skill level 10 in Ice Magic
  7707 | Bailey   | Reached XP level 10. HP: 48/74 MP: 2/16
  7755 | Bailey   | Identified the Reference Book on Black Arts and Flight
  7765 | Bailey   | Learned a level 3 spell: Mephitic Cloud
  8121 | D:7      | Reached skill level 1 in Poison Magic
  8126 | D:7      | Reached *** piety under Vehumet
  8894 | D:8      | Noticed Erica
  8918 | D:7      | Killed Erica
  9270 | D:8      | Reached skill level 1 in Summonings
  9274 | D:8      | Offered knowledge of Sticky Flame by Vehumet.
  9376 | D:8      | Noticed Pikel
  9390 | D:8      | Killed Pikel
  9415 | D:8      | Noticed Joseph
  9530 | D:8      | Killed Joseph
 10150 | D:9      | Reached XP level 11. HP: 79/79 MP: 17/17
 10395 | D:9      | Found a staircase to the Orcish Mines.
 10715 | D:9      | Noticed a two-headed ogre
 10729 | D:9      | Killed a two-headed ogre
 10730 | D:9      | Reached skill level 5 in Spellcasting
 10964 | D:9      | Reached **** piety under Vehumet
 11018 | D:9      | Offered knowledge of Static Discharge by Vehumet.
 11118 | D:9      | Found an iron altar of Okawaru.
 11452 | D:10     | Entered Level 10 of the Dungeon
 11743 | D:10     | Reached skill level 11 in Ice Magic
 11751 | D:10     | Reached skill level 15 in Polearms
 12181 | D:10     | Reached ***** piety under Vehumet
 12181 | D:10     | Offered knowledge of Lightning Bolt by Vehumet.
 12497 | D:10     | Found Jixoorch's Book Emporium.
 12651 | D:10     | Noticed a two-headed ogre
 12664 | D:10     | Killed a two-headed ogre
 13476 | D:11     | Reached XP level 12. HP: 31/86 MP: 14/19
 13708 | D:11     | Noticed a two-headed ogre
 13722 | D:11     | Killed a two-headed ogre
 13803 | D:11     | Found a runed translucent gate.
 13803 | D:11     | Found a runed translucent gate.
 13803 | D:11     | Found a runed translucent gate.
 13804 | D:11     | Noticed rossy's ghost (novice MfIE)
 13880 | D:11     | Reached skill level 12 in Ice Magic
 14039 | D:11     | Found a staircase to the Lair.
 14416 | D:11     | Noticed a four-headed hydra
 14427 | D:11     | Killed a four-headed hydra
 14546 | D:11     | Found Umuanot's Antique Weapon Boutique.
 14885 | D:11     | Killed rossy's ghost
 14989 | Lair:1   | Entered Level 1 of the Lair of Beasts
 15750 | Lair:1   | Identified 3 scrolls of acquirement
 15751 | Lair:1   | Acquired 1011 gold pieces
 15755 | Lair:1   | Acquired the +0 mask of the Dragon {Will+ Slay+3 SInv}
 15756 | Lair:1   | Found the +0 mask of the Dragon {Will+ Slay+3 SInv}
 15769 | Lair:1   | Acquired 939 gold pieces
 15956 | D:4      | Bought Cuapyhuu's Papyrus of the Frostbite for 735 gold
                  | pieces
 15963 | D:4      | Learned a level 6 spell: Ozocubu's Refrigeration
 16190 | Lair:1   | Reached skill level 13 in Ice Magic
 16385 | Lair:1   | Noticed Gastronok
 16392 | Lair:1   | Killed Gastronok
 16393 | Lair:1   | Reached XP level 13. HP: 64/96 MP: 6/20
 16831 | Lair:2   | Found a hole to the Spider Nest.
 17568 | Lair:2   | Found a staircase to the Swamp.
 17575 | Lair:2   | Reached skill level 10 in Dodging
 17971 | Lair:3   | Found a runed translucent door.
 17975 | Lair:3   | Noticed doomsgape's ghost (journeyman HOFi)
 17981 | Lair:3   | Identified the +12 trident "Duotiani" {vorpal, rElec rF+
                  | Dex+2}
 18042 | Lair:3   | Reached skill level 14 in Ice Magic
 19957 | Lair:4   | You fall into a shaft and drop 1 floor!
 20146 | Lair:4   | Offered knowledge of Eringya's Noxious Bog by Vehumet.
 20257 | Lair:4   | Reached skill level 15 in Ice Magic
 20995 | Lair:5   | Reached XP level 14. HP: 103/103 MP: 12/24
 21672 | Lair:5   | Noticed Snorg
 21680 | Lair:5   | Killed Snorg
 21863 | Lair:6   | Entered Level 6 of the Lair of Beasts
 22045 | Lair:6   | Reached skill level 16 in Ice Magic
 22502 | Lair:6   | Offered knowledge of Conjure Ball Lightning by Vehumet.
 22546 | Lair:6   | Found a staircase to the Slime Pits.
 23538 | Lair:6   | Noticed a dire elephant
 23547 | Lair:6   | Killed a dire elephant
 23767 | Lair:6   | Noticed a dire elephant
 23767 | Lair:6   | Noticed a dire elephant
 23778 | Lair:6   | Killed a dire elephant
 23780 | Lair:6   | Killed a dire elephant
 23935 | Lair:6   | Noticed a dire elephant
 24171 | Lair:6   | Noticed a dire elephant
 24179 | Lair:6   | Killed a dire elephant
 24199 | Lair:6   | Noticed a dire elephant
 24214 | Lair:6   | Killed a dire elephant
 24483 | Orc:1    | Entered Level 1 of the Orcish Mines
 24555 | Orc:1    | Found Jyfediv's Gadget Emporium.
 25003 | Orc:1    | Found Linor's Distillery.
 25036 | Orc:1    | Bought a potion of mutation for 144 gold pieces
 25201 | Orc:2    | Entered Level 2 of the Orcish Mines
 25421 | Orc:2    | Reached XP level 15. HP: 95/108 MP: 20/27
 25853 | Orc:1    | Offered knowledge of Starburst by Vehumet.
 25919 | Orc:1    | Found Lomoumpytwo's Antique Weapon Boutique.
 26081 | Orc:2    | Found a staircase to the Elven Halls.
 26285 | Orc:2    | Found Jyowk's Antique Armour Shoppe.
 26298 | Orc:2    | Reached skill level 17 in Ice Magic
 26432 | Orc:2    | Found Laureiru's Armour Boutique.
 26439 | Orc:2    | Bought a +2 pair of gloves of dexterity for 258 gold pieces
 26450 | Orc:2    | Found Qoudyif's Antique Armour Boutique.
 26452 | Orc:2    | Found Ecohalips's Armour Shoppe.
 26458 | Orc:2    | Bought a crude robe for 136 gold pieces
 26461 | Orc:2    | Bought a +2 pair of boots of stealth for 236 gold pieces
 26481 | Orc:2    | Identified the cursed +1 robe "Beduu" {Str+6 Dex+2} (You
                  | bought it in a shop on level 2 of the Orcish Mines)
 26794 | D:12     | Found a transporter.
 26992 | D:12     | Noticed Cykl0x's ghost (journeyman MiFi)
 27016 | D:12     | Got a pitted hand crossbow
 27017 | D:12     | Identified the +5 hand crossbow of Toke {penet, Int+2} (You
                  | found it on level 12 of the Dungeon)
 27031 | D:12     | Found Ysuigh Gosu's Antique Armour Shop.
 27097 | D:12     | Found a transporter.
 27252 | D:12     | Found a burning altar of Makhleb.
 27252 | D:12     | Noticed a balrug
 28044 | D:13     | Noticed Nessos
 28049 | D:13     | Killed Nessos
 28917 | D:14     | Offered knowledge of Fireball by Vehumet.
 28921 | D:14     | Identified Aroduif's Grimoire of Sand
 28981 | D:14     | Found a gate to the Vaults.
 29143 | D:14     | Noticed Jorgrun
 29151 | D:14     | Killed Jorgrun
 29588 | D:14     | Reached skill level 18 in Ice Magic
 29750 | D:14     | Reached skill level 10 in Spellcasting
 29784 | D:14     | Identified the Compendium of Combed Thunderclap
 29791 | D:14     | Identified the Compendium of Dhcmrlchtdj
 29873 | D:14     | Reached XP level 16. HP: 118/120 MP: 21/30
 30058 | D:14     | Identified Mubitt's Incunabulum of Supportive Snow
 30867 | D:15     | Entered Level 15 of the Dungeon
 30899 | D:15     | Found a staircase to the Depths.
 31112 | D:15     | Reached skill level 10 in Fighting
 31716 | D:15     | Reached skill level 15 in Dodging
 31941 | D:15     | Reached skill level 19 in Ice Magic
 31972 | D:15     | Noticed Kirke
 31978 | D:15     | Killed Kirke
 32049 | D:15     | Reached ****** piety under Vehumet
 32128 | D:15     | Offered knowledge of Bolt of Magma by Vehumet.
 32725 | Spider:1 | Entered Level 1 of the Spider Nest
 33193 | Spider:1 | Reached XP level 17. HP: 128/128 MP: 31/31
 33633 | Spider:2 | Noticed Arachne
 33641 | Spider:1 | Reached skill level 20 in Ice Magic
 33977 | Spider:2 | HP: 6/128 [Arachne/uncursed staff of poison (12)]
 33978 | Spider:2 | HP: 1/128 [Arachne/poison arrow (5)]
 33979 | Spider:2 | Succumbed to Arachne's poison arrow

Illustrated notes

Levels and vault maps discovered:
D:1:      beargit_arrival_greenhouse, layout_basic, minmay_tree_intersection,
          minmay_pentomino_v2
D:2:      layout_basic, uniq_crazy_yiuf_cottage, uniq_jessica
D:3:      layout_basic
D:4:      layout_loops_corners, dk_vineyard_1, nicolae_elemental_shop
D:5:      minmay_bubble_buster, layout_rooms, minmay_temple_entry_stoned_glass
D:6:      layout_loops_ring, minmay_fractal_squares_diagonal_5, uniq_menkaure,
          uniq_blork_the_orc, uniq_prince_ribbit1, uniq_sigmund, uniq_grinder
D:7:      kb_forest_paths, layout_basic, enter_bailey_5, enter_ossuary_5,
          chequers_serial_rivers_small_b
D:8:      layout_cave_pools, st_stairs_14, minmay_microvault, uniq_erica,
          uniq_pikel, uniq_joseph
D:9:      layout_irregular_city, okawaru_ov_weapons_minmay, david_orc_3,
          kennysheep_small_circle
D:10:     layout_stronghold, serial_shops, nicolae_shop_crystal
D:11:     layout_small_grid, david_lair_generic, ebering_ghost_rock_garden,
          serial_shops, nicolae_shop_crystal
D:12:     layout_loops_cross, serial_shops, shop, nzn_ghost_randoct,
          makhleb_altar_promises_db
D:13:     layout_basic, uniq_nessos
D:14:     minmay_the_grid_3x2 [minmay_the_grid_rooms, minmay_the_grid_plusring,
          minmay_the_grid_minigrid_small_alt, minmay_the_grid_doors,
          minmay_the_grid_gridbox,
          minmay_the_grid_prize_four_corners_diamond_b], layout_basic,
          david_vaults_1, bh_hangedman_babel_library, uniq_jorgrun
D:15:     gammafunk_depths_entry_grave, layout_gridville, small_statue_alley_a,
          uniq_kirke
Temple:   compressed_dpeg_triangle_lava_temple
Lair:1:   layout_chaotic_city, chequers_serial_rivers_marsh, worms_lemuel,
          serial_bayou_shore_b, uniq_gastronok
Lair:2:   layout_gridlike, nicolae_swamp_entry_splash_gauntlet,
          nicolae_spider_entry_non_spiders
Lair:3:   layout_concentric_octagons, ebering_ghost_funeral_grove
Lair:4:   layout_gridlike, serial_bayou_shore_a
Lair:5:   layout_regular_city, serial_rivers, chequers_serial_rivers_micro_a,
          chequers_serial_rivers_marsh, chequers_serial_rivers_micro_b,
          chequers_serial_rivers_large_b, uniq_snorg
Lair:6:   due_jungle_book, layout_layer_cave, nicolae_slime_entry_slimehenge,
          infiniplex_staircase_pool_2
Spider:1: layout_spider_delve
Spider:2: layout_spider_delve, uniq_arachne
Orc:1:    layout_caves, serial_shops, shop, shop_fountains, shop
Orc:2:    st_orc_elflike, layout_diamond_mine, statue_in_the_mist_lemuel

Skill      XL: |  1  2  3  4  5  6  7  8  9 10 11 12 13 14 15 16 17 |
---------------+----------------------------------------------------+-----
Ice Magic      | 5 6 7 8 9 10 11 13 15 16 18 19 20 | 20.0
Polearms       | 3 6 10 12 14 16 17 | 17.0
Dodging        | 4 6 9 11 13 14 16 | 16.2
Fighting       | 1 5 7 9 10 | 10.2
Spellcasting   | 4 5 7 8 10 | 10.0
Poison Magic   | 4 |  4.0
Summonings     | 2 4 |  4.0
Stealth        | |  2.1

Action                   |  1- 3 |  4- 6 |  7- 9 | 10-12 | 13-15 | 16-18 || total
-------------------------+-------+-------+-------+-------+-------+-------++-------
Melee: Dagger            |    67 |       |       |       |       |       ||    67
       Quarterstaff      |       |    75 |   173 |       |       |       ||   248
       Spear             |       |       |     9 |       |       |       ||     9
       Halberd           |       |       |    87 |   462 |   430 |   173 ||  1152
       Scythe            |       |       |    28 |       |       |       ||    28
       Tailslap          |       |       |     1 |     1 |       |       ||     2
       Trident           |       |       |       |     4 |    16 |       ||    20
       Staff             |       |       |       |       |     6 |       ||     6
Throw: Dart              |     4 |       |    11 |       |     2 |     2 ||    19
 Cast: Freeze            |    18 |       |     2 |       |       |     1 ||    21
       Frozen Ramparts   |     3 |    13 |    21 |    37 |    28 |     4 ||   106
       Ozocubu's Armour  |       |     2 |    12 |    31 |    19 |     6 ||    70
       Summon Ice Beast  |       |       |    19 |    64 |    26 |    18 ||   127
       Mephitic Cloud    |       |       |       |     2 |       |       ||     2
       Ozocubu's Refrige |       |       |       |    10 |   206 |   102 ||   318
  Use: Scroll            |       |     1 |    14 |     7 |     9 |     4 ||    35
       Potion            |       |     1 |     1 |     5 |       |       ||     7
 Stab: Sleeping          |     5 |     2 |       |     8 |    17 |     4 ||    36
       Distracted        |       |     1 |     4 |     4 |     3 |     4 ||    16
       Paralysed         |       |       |     4 |       |       |       ||     4
       Confused          |       |       |     1 |       |       |       ||     1
       Petrifying        |       |       |     1 |       |       |       ||     1
Armor: Robe              |    24 |    23 |    66 |   117 |    55 |    39 ||   324
Dodge: Dodged            |    55 |    67 |   204 |   283 |   261 |   146 ||  1016
